[Event "Titled Tuesday Blitz October 26 2021"]
[White "Molina, Roberto Junio Brito"]
[Black "Erdogdu, Mert"]
[WhiteFideId "2109450"]
[BlackFideId "6301495"]
[WhiteElo "2402"]
[BlackElo "2485"]
[Result "0-1"]
[Round "06"]
[TimeControl "180+1"]
[Date "2021.10.26"]
[WhiteClock "0:00:06"]
[BlackClock "0:00:19"]

1. d4 d5 2. c4 e6 3. Nc3 c5 4. cxd5 exd5 5. Nf3 Nc6 6. e3 Nf6 7. Bb5 Bd6 8. dxc5 Bxc5 9. O-O O-O 10. b3 a6 11. Be2 Ba7 12. Ba3 Re8 13. Rc1 Bf5 14. Na4 d4 15. exd4 Nxd4 16. Nxd4 Bxd4 17. Bf3 Ne4 18. Bb2 Bxb2 19. Nxb2 Qf6 20. Bxe4 Bxe4 21. Nc4 Rad8 22. Qg4 Bc6 23. h3 Rd4 24. Qg3 h5 25. Rfe1 Rxe1+ 26. Rxe1 h4 27. Qb8+ Kh7 28. Qe5 Qg6 29. Ne3 Re4 30. Qb2 f5 31. f3 Re6 32. Qf2 Qg3 33. Nc2 Rd6 34. Qe2 Rg6 35. Ne3 Bxf3 36. Qf2 Be4 37. Qxg3 hxg3 38. Rf1 Rf6 39. Rd1 Rc6 40. Nf1 Rc2 41. Rd2 Rc1 42. h4 Kh6 43. b4 Bc6 44. Rc2 Rxc2 45. Nxg3 Rxg2+ 0-1


[Site "https://www.chess.com"]

[Event "Titled Tuesday Blitz October 26 2021"]
[White "Nesterov, Arseniy"]
[Black "Jobava, Baadur"]
[WhiteFideId "24198455"]
[BlackFideId "13601520"]
[WhiteElo "2494"]
[BlackElo "2731"]
[Result "1-0"]
[Round "06"]
[TimeControl "180+1"]
[Date "2021.10.26"]
[WhiteClock "0:00:07"]
[BlackClock "0:00:03"]

1. d4 Nf6 2. c4 c5 3. d5 g6 4. Nc3 Bg7 5. e4 d6 6. Be2 O-O 7. Be3 e6 8. Nf3 exd5 9. cxd5 Bg4 10. Nd2 Bxe2 11. Qxe2 Re8 12. O-O Nbd7 13. Rfe1 a6 14. a4 b6 15. h3 Qc7 16. Bf4 Nh5 17. Bh2 f5 18. g4 Nhf6 19. gxf5 gxf5 20. Kh1 Kh8 21. f3 Ne5 22. f4 Ng6 23. e5 Qb7 24. exf6 Rxe2 25. fxg7+ Kxg7 26. Rxe2 b5 27. axb5 axb5 28. Rxa8 Qxa8 29. Nxb5 Qxd5+ 30. Kg1 Qd3 31. Nc3 d5 32. Kf2 d4 33. Na4 Qxh3 34. Nf3 d3 35. Re3 c4 36. Nc3 h5 37. b3 cxb3 38. Rxd3 h4 39. Ne2 b2 40. Rb3 Qg4 41. Rxb2 h3 42. Bg3 Qh5 43. Rb7+ Kf6 44. Rb6+ Ke7 45. Ned4 Qg4 46. Re6+ Kd8 47. Rf6 Ne7 48. Rd6+ Kc7 49. Re6 Nd5 50. Re5 Nf6 51. Nxf5 Qg8 52. Ne3 Qa2+ 53. Kg1 Qe2 54. Nd4 Qd3 55. Ndf5 Ne4 56. Kh2 Nxg3 57. Kxg3 h2 58. Kxh2 Qe2+ 59. Kg3 Qe1+ 60. Kg4 Qg1+ 61. Kh5 Qf2 62. Kg5 Qg1+ 63. Ng4 Qf1 64. Nd4 Qd1 65. Ne6+ Kd6 66. f5 Ke7 67. Nf4+ Kf7 68. Nh6+ Kf8 69. Ng6+ Kg7 70. Re7# 1-0


[Site "https://www.chess.com"]

[Event "Titled Tuesday Blitz October 26 2021"]
[White "Obolenskikh, Dmitry"]
[Black "Solon, Nathan"]
[WhiteFideId "4156013"]
[BlackFideId "2017229"]
[WhiteElo "2541"]
[BlackElo "2627"]
[Result "1-0"]
[Round "06"]
[TimeControl "180+1"]
[Date "2021.10.26"]
[WhiteClock "0:00:15"]
[BlackClock "0:00:02"]

1. Nf3 d5 2. e3 Nf6 3. c4 e6 4. b3 c5 5. Bb2 Nc6 6. cxd5 Nxd5 7. Nc3 Ndb4 8. Qb1 a6 9. h4 h6 10. Rh3 b6 11. Rg3 Bb7 12. a3 Nd5 13. Nxd5 Qxd5 14. Bxg7 Bxg7 15. Rxg7 Ne5 16. Qb2 Nxf3+ 17. gxf3 Ke7 18. O-O-O Rhg8 19. Rxg8 Rxg8 20. f4 Rg1 21. Bc4 Rxd1+ 22. Kxd1 Qh1+ 23. Kc2 Qxh4 24. Qe5 Bf3 25. Qc7+ Kf8 26. Qxb6 Qxf2 27. Qxc5+ Kg8 28. Bxa6 Qg1 29. Qd4 h5 30. a4 h4 31. Qd8+ Kg7 32. Qxh4 Qd1+ 33. Kc3 Qc1+ 34. Kb4 Qxd2+ 35. Ka3 Qc1+ 36. Kb4 Qd2+ 37. Kb5 Qxe3 38. Qg5+ Kf8 39. Qc5+ Qxc5+ 40. Kxc5 Bd1 41. Bc4 Ke7 42. a5 Kd8 43. Kd6 Kc8 44. b4 Kb7 45. b5 Bf3 46. Ke7 Bh5 47. Kf6 Ka7 48. Bd3 Kb7 49. Ke5 Ka7 50. Kd6 Kb7 51. Be4+ Ka7 52. Kc7 f5 53. Bd3 Bf3 54. b6+ Ka8 55. a6 e5 56. fxe5 f4 57. e6 1-0


[Site "https://www.chess.com"]

[Event "Titled Tuesday Blitz October 26 2021"]
[White "Obregon, Andres Carlos"]
[Black "Bressac, Stephane"]
[WhiteFideId "111724"]
[BlackFideId "655945"]
[WhiteElo "2572"]
[BlackElo "2321"]
[Result "0-1"]
[Round "06"]
[TimeControl "180+1"]
[Date "2021.10.26"]
[WhiteClock "0:00:48"]
[BlackClock "0:01:07"]

1. Nf3 Nf6 2. c4 g6 3. b3 Bg7 4. Bb2 O-O 5. g3 c5 6. Bg2 Nc6 7. O-O a6 8. d4 cxd4 9. Nxd4 Nxd4 10. Qxd4 d6 11. Nc3 Rb8 12. Qd2 Bd7 13. a4 Bc6 14. e4 a5 15. Nd5 Nd7 16. Bxg7 Kxg7 17. Rae1 Nc5 18. Qc3+ Kg8 19. e5 Bxd5 20. Bxd5 e6 21. Bg2 dxe5 22. Rxe5 b6 23. Re3 Qd6 24. Bf3 Rbd8 25. Rd1 Qc7 26. h4 Rxd1+ 27. Bxd1 Rd8 28. Bc2 Qd6 29. Qf6 Qd4 30. Qg5 Kg7 31. Rf3 Rd7 32. h5 h6 33. Qc1 g5 34. Qe1 f5 35. Kg2 Kf6 36. Re3 e5 37. Rf3 e4 38. Re3 Qd2 39. Qa1+ Qd4 40. Qe1 f4 41. gxf4 gxf4 42. Rh3 Rg7+ 43. Kh1 Nd3 44. Bxd3 exd3 45. Qd2 Qa1+ 0-1


[Site "https://www.chess.com"]

[Event "Titled Tuesday Blitz October 26 2021"]
[White "Perez Ponsa, Federico"]
[Black "Le, Tuan Minh"]
[WhiteFideId "117927"]
[BlackFideId "12401153"]
[WhiteElo "2672"]
[BlackElo "2450"]
[Result "0-1"]
[Round "06"]
[TimeControl "180+1"]
[Date "2021.10.26"]
[WhiteClock "0:00:34"]
[BlackClock "0:00:20"]

1. e4 c5 2. Nf3 Nf6 3. e5 Nd5 4. Nc3 e6 5. Ne4 f5 6. Nc3 Ne7 7. d4 cxd4 8. Nxd4 a6 9. Qh5+ Ng6 10. Bg5 Be7 11. h4 O-O 12. Nf3 Nc6 13. Bxe7 Ngxe7 14. O-O-O Qa5 15. Qg5 b5 16. Kb1 h6 17. Qd2 Ng6 18. h5 Ngxe5 19. Nxe5 Nxe5 20. f4 Ng4 21. a3 Rf7 22. Qd4 Rb8 23. Be2 b4 24. axb4 Rxb4 25. Qa7 d5 26. Qa8 Qc7 27. Bxg4 Qxc3 28. b3 fxg4 29. Rhe1 Rc7 30. Re2 Qc6 31. Qxc6 Rxc6 32. g3 Kf7 33. Kb2 a5 34. Ra1 Ra6 35. Kc3 d4+ 36. Kd3 Bd7 37. Re5 a4 38. bxa4 Raxa4 39. Rxa4 Rxa4 40. Re4 Bb5+ 41. Kd2 Ra3 0-1


[Site "https://www.chess.com"]

[Event "Titled Tuesday Blitz October 26 2021"]
[White "Petrovskyi, Vadym"]
[Black "Ibarra Jerez, Jose Carlos"]
[WhiteFideId "14165210"]
[BlackFideId "2226332"]
[WhiteElo "2334"]
[BlackElo "2626"]
[Result "0-1"]
[Round "06"]
[TimeControl "180+1"]
[Date "2021.10.26"]
[WhiteClock "0:00:26"]
[BlackClock "0:00:28"]

1. e4 e6 2. d4 d5 3. Nc3 Nf6 4. e5 Nfd7 5. f4 c5 6. Nf3 Nc6 7. Be3 Be7 8. Be2 O-O 9. O-O b6 10. Qd2 f5 11. exf6 Nxf6 12. Bb5 Bb7 13. Rae1 Ng4 14. Bxc6 Bxc6 15. Ne5 Nxe5 16. fxe5 Qd7 17. Qd3 Rxf1+ 18. Rxf1 b5 19. dxc5 b4 20. Ne2 Bb5 21. Qd2 Qc7 22. Rf2 Bxe2 23. Rxe2 Bxc5 24. Bxc5 Qxc5+ 25. Qe3 d4 26. Qd3 Rd8 27. h3 Rd5 28. Re4 a5 29. Kh2 Qc7 30. Qe2 a4 31. b3 a3 32. Kh1 h6 33. Qd3 Rxe5 34. Qxd4 Rd5 35. Qxb4 Qxc2 36. Rxe6 Rd1+ 37. Kh2 Qc7+ 0-1


[Site "https://www.chess.com"]

[Event "Titled Tuesday Blitz October 26 2021"]
[White "Remizov, Yaroslav"]
[Black "Demidov, Mikhail"]
[WhiteFideId "34134015"]
[BlackFideId "4197143"]
[WhiteElo "2375"]
[BlackElo "2527"]
[Result "0-1"]
[Round "06"]
[TimeControl "180+1"]
[Date "2021.10.26"]
[WhiteClock "0:00:20"]
[BlackClock "0:00:57"]

1. e3 c5 2. a3 Nc6 3. c4 g6 4. g3 h5 5. Bg2 h4 6. Nc3 Bg7 7. Rb1 d6 8. b4 h3 9. Bf3 Ne5 10. Be2 b6 11. Nf3 Bb7 12. Nxe5 Bxe5 13. Bf3 Bxf3 14. Qxf3 Bxc3 15. Qc6+ Kf8 16. dxc3 Nf6 17. O-O Kg7 18. Qf3 Qc8 19. Rd1 Qe6 20. Qe2 Qe4 21. f3 Qxb1 22. e4 Qb3 23. f4 Nxe4 24. f5 gxf5 25. g4 Rag8 26. Rf1 e6 27. gxf5 Rh4 28. fxe6 fxe6 29. Kh1 Kh8 0-1


[Site "https://www.chess.com"]

[Event "Titled Tuesday Blitz October 26 2021"]
[White "Sadhwani, Raunak"]
[Black "Ghazarian, Kirk"]
[WhiteFideId "35093487"]
[BlackFideId "30908604"]
[WhiteElo "2517"]
[BlackElo "2003"]
[Result "1-0"]
[Round "06"]
[TimeControl "180+1"]
[Date "2021.10.26"]
[WhiteClock "0:02:28"]
[BlackClock "0:01:01"]

1. d4 d5 2. Nf3 Nf6 3. Bf4 c5 4. e3 Nc6 5. Nbd2 cxd4 6. exd4 Bg4 7. c3 e6 8. Qb3 Qc8 9. h3 Bxf3 10. Nxf3 Be7 11. Bd3 O-O 12. O-O h6 13. Rfe1 Nd7 14. Qc2 a6 15. Qd2 Re8 16. Bxh6 gxh6 17. Qxh6 Nf8 18. Ng5 Bxg5 19. Qxg5+ Kh8 20. Qh6+ Kg8 21. Re3 Ne7 22. Rg3+ Neg6 23. h4 e5 24. dxe5 Rxe5 25. h5 Re6 26. hxg6 fxg6 27. Bxg6 Nxg6 28. Rxg6+ Rxg6 29. Qxg6+ Kf8 30. Re1 Qc6 31. Qf5+ Kg8 32. Re7 1-0


[Site "https://www.chess.com"]

[Event "Titled Tuesday Blitz October 26 2021"]
[White "Samadov, Read"]
[Black "Kosteniuk, Alexandra"]
[WhiteFideId "13417444"]
[BlackFideId "4128125"]
[WhiteElo "2084"]
[BlackElo "2521"]
[Result "0-1"]
[Round "06"]
[TimeControl "180+1"]
[Date "2021.10.26"]
[WhiteClock "0:00:02"]
[BlackClock "0:00:31"]

1. d4 Nf6 2. c4 e6 3. Nf3 b6 4. a3 Bb7 5. Nc3 d5 6. cxd5 Nxd5 7. Qc2 Be7 8. e4 Nxc3 9. bxc3 c5 10. Bd3 O-O 11. O-O Nc6 12. Bb2 Na5 13. Rad1 c4 14. Be2 Qc7 15. Bc1 f5 16. exf5 Rxf5 17. Ne5 Bd5 18. Bg4 Rff8 19. Qe2 Bd6 20. Rfe1 Nb3 21. Bb2 Rae8 22. h4 b5 23. h5 Rf6 24. g3 a5 25. f4 b4 26. axb4 axb4 27. Qe3 Qa5 28. Be2 Bxe5 29. dxe5 Rf7 30. cxb4 Qxb4 31. Bc3 Qb7 32. Kf2 Ra8 33. h6 g5 34. Bh5 Rff8 35. Kg1 Ra2 36. Re2 Rxe2 37. Bxe2 gxf4 38. gxf4 Kh8 39. Kf2 Qe7 40. Qg3 Rg8 41. Bg4 Nc5 42. Rd4 Ne4+ 43. Rxe4 Bxe4 44. Qh3 Qa7+ 45. Ke2 Qg1 46. Bf3 Bd3+ 47. Kd2 Qf2+ 0-1


[Site "https://www.chess.com"]

[Event "Titled Tuesday Blitz October 26 2021"]
[White "Siddharth, Jagadeesh"]
[Black "Nikitenko, Mihail"]
[WhiteFideId "5818320"]
[BlackFideId "13506862"]
[WhiteElo "2127"]
[BlackElo "2430"]
[Result "0-1"]
[Round "06"]
[TimeControl "180+1"]
[Date "2021.10.26"]
[WhiteClock "0:00:11"]
[BlackClock "0:00:30"]

1. d4 d5 2. c4 c6 3. Nf3 Nf6 4. e3 e6 5. Bd3 Nbd7 6. b3 Bd6 7. Bb2 O-O 8. Nbd2 b6 9. O-O Bb7 10. Qe2 Qe7 11. Ne5 c5 12. f4 Rac8 13. Rae1 cxd4 14. exd4 Bb4 15. Rd1 dxc4 16. bxc4 Rfd8 17. Ndf3 h6 18. Nh4 Ne8 19. Nhf3 Nef6 20. Bb1 Rc7 21. g4 Nxe5 22. Nxe5 Nd7 23. Qc2 Nf8 24. f5 Qg5 25. Bc1 Qh4 26. Bf4 f6 27. Bg3 Qh3 28. fxe6 Re7 29. Nd7 Rxe6 30. Nxf8 Kxf8 31. d5 Bc5+ 32. Kh1 Re3 33. Bf4 Rf3 34. Qe4 Rxf1+ 35. Rxf1 Qxf1# 0-1


[Site "https://www.chess.com"]

[Event "Titled Tuesday Blitz October 26 2021"]
[White "Sonis, Francesco"]
[Black "Bortnyk, Olexandr"]
[WhiteFideId "895733"]
[BlackFideId "14120828"]
[WhiteElo "2373"]
[BlackElo "2723"]
[Result "1-0"]
[Round "06"]
[TimeControl "180+1"]
[Date "2021.10.26"]
[WhiteClock "0:00:30"]
[BlackClock "0:00:05"]

1. d4 g6 2. c4 Bg7 3. Nf3 d6 4. Nc3 Bg4 5. e3 c6 6. Be2 Nd7 7. O-O Ngf6 8. h3 Bxf3 9. Bxf3 O-O 10. b3 Qa5 11. Bb2 e5 12. Be2 Rfe8 13. dxe5 dxe5 14. Qc2 e4 15. Rfd1 Qg5 16. Rd4 Qf5 17. Rad1 a5 18. g4 Qg5 19. Rxd7 Nxd7 20. Rxd7 Qh4 21. Kg2 h5 22. Na4 hxg4 23. hxg4 Be5 24. Bxe5 Rxe5 25. Qd2 Rg5 26. Rd8+ Rxd8 27. Qxd8+ Kh7 28. Qd6 Qh6 29. Qh2 Qxh2+ 30. Kxh2 Re5 31. c5 Rd5 32. Kg3 Rd2 33. Bc4 Kg7 34. Nc3 f5 35. gxf5 gxf5 36. a4 Kf6 37. Ne2 Rd1 38. Kg2 Ke5 39. Nf4 Rd8 40. Ng6+ Kf6 41. Nf4 Ke5 42. Kf1 Rd2 43. Kg1 Rd1+ 44. Kg2 Rd2 45. Ne6 Rd7 46. Kf1 Rd2 47. Ke1 Rc2 48. Nd8 f4 49. Nf7+ Kf6 50. Nd6 Ke5 51. Nxb7 f3 52. Nd8 Rc1+ 53. Kd2 Ra1 54. Nxc6+ Kf6 55. Nd4 Ra2+ 56. Nc2 Ke5 57. Kc1 Kf5 58. Kb1 Rxc2 59. Kxc2 Ke5 60. Kc3 1-0


[Site "https://www.chess.com"]

[Event "Titled Tuesday Blitz October 26 2021"]
[White "Srihari L R"]
[Black "Nozdrachev, Leonid"]
[WhiteFideId "46617116"]
[BlackFideId "24113433"]
[WhiteElo "2121"]
[BlackElo "2124"]
[Result "1/2-1/2"]
[Round "06"]
[TimeControl "180+1"]
[Date "2021.10.26"]
[WhiteClock "0:00:10"]
[BlackClock "0:00:12"]

1. c4 e5 2. Nc3 Bb4 3. g3 Bxc3 4. dxc3 f5 5. Bg2 Nf6 6. Nf3 d6 7. O-O O-O 8. c5 Nc6 9. cxd6 cxd6 10. Qb3+ Kh8 11. Rd1 Qe7 12. Qa3 Rd8 13. Nd2 Be6 14. Nb3 Bxb3 15. Qxb3 e4 16. Bg5 h6 17. Bxf6 Qxf6 18. Qxb7 d5 19. Qb3 Rab8 20. Qa3 d4 21. cxd4 Nxd4 22. Rab1 Nxe2+ 23. Kh1 Rxd1+ 24. Rxd1 Qxb2 25. Qxa7 Nc3 26. Rf1 Nxa2 27. Qf7 Rb5 28. Bh3 Qb3 29. Qd7 Qf3+ 30. Kg1 Nc3 31. Bg2 Qd3 32. Qe8+ Kh7 33. h4 Ne2+ 34. Kh2 Nd4 35. h5 Nf3+ 36. Bxf3 exf3 37. Qg6+ Kg8 38. Qe8+ Kh7 39. Qg6+ Kg8 40. Re1 Rb8 41. Re7 Qd4 42. Re8+ Rxe8 43. Qxe8+ Kh7 44. Qg6+ Kg8 45. Qe8+ Kh7 46. Qg6+ Kg8 47. Qe8+ 1/2-1/2


[Site "https://www.chess.com"]

[Event "Titled Tuesday Blitz October 26 2021"]
[White "Svane, Rasmus"]
[Black "Fawzy, Adham"]
[WhiteFideId "4657101"]
[BlackFideId "10613129"]
[WhiteElo "2643"]
[BlackElo "2504"]
[Result "1-0"]
[Round "06"]
[TimeControl "180+1"]
[Date "2021.10.26"]
[WhiteClock "0:00:18"]
[BlackClock "0:00:07"]

1. Nf3 c5 2. c4 Nc6 3. e3 e5 4. d4 e4 5. Nfd2 cxd4 6. Nxe4 Nf6 7. Nxf6+ Qxf6 8. exd4 Bb4+ 9. Bd2 Qxd4 10. Bxb4 Qxd1+ 11. Kxd1 Nxb4 12. Nc3 d5 13. a3 Nc6 14. cxd5 Nd4 15. Bc4 Bg4+ 16. f3 Rc8 17. Re1+ Kd8 18. Re4 Nxf3 19. Rxg4 Ne5 20. Be2 Nxg4 21. Bxg4 Rc4 22. Bf3 Re8 23. Kc2 a6 24. Rd1 Kd7 25. Kb3 b5 26. Rd2 f5 27. a4 Rb8 28. axb5 axb5 29. Be2 Rc5 30. Kb4 Rcc8 31. d6 Ke6 32. Bxb5 Rc6 33. d7 Rd6 34. Re2+ Kf6 35. Re8 Rxb5+ 36. Kxb5 Rxd7 37. b4 g5 38. Kc6 Rd2 39. Re2 Rd3 40. Nd5+ Kf7 41. b5 h5 42. b6 Rb3 43. b7 h4 44. Nb6 Rc3+ 45. Kd5 Rd3+ 46. Kc4 Rd8 47. Nc8 Rxc8+ 48. bxc8=Q 1-0


[Site "https://www.chess.com"]

[Event "Titled Tuesday Blitz October 26 2021"]
[White "Sviridov, Valery"]
[Black "Yoo, Christopher Woojin"]
[WhiteFideId "4120680"]
[BlackFideId "30909694"]
[WhiteElo "2454"]
[BlackElo "2105"]
[Result "1-0"]
[Round "06"]
[TimeControl "180+1"]
[Date "2021.10.26"]
[WhiteClock "0:01:47"]
[BlackClock "0:00:08"]

1. Nf3 Nf6 2. g3 e6 3. Bg2 d5 4. O-O Be7 5. c4 O-O 6. d4 dxc4 7. Qa4 a6 8. Qxc4 b5 9. Qc2 Bb7 10. Bd2 Be4 11. Qc1 Nbd7 12. Ba5 Ra7 13. Nbd2 Bd5 14. Qc2 Qa8 15. b4 Ne4 16. Bh3 Nb6 17. Rfc1 Nd6 18. Ne5 Nbc4 19. Nexc4 Nxc4 20. Nxc4 Bxc4 21. Bg2 Qd8 22. e3 Bf6 23. Bf1 Bxf1 24. Rxf1 e5 25. dxe5 Bxe5 26. Rac1 Bd6 27. Rfd1 Qe7 28. a3 h5 29. h4 Qe6 30. Qe2 g6 31. Qf3 Rc8 32. Qd5 Qxd5 33. Rxd5 Raa8 34. Rc6 Kf8 35. e4 f6 36. f4 Ke7 37. e5 fxe5 38. fxe5 Ke6 39. Rdc5 Kd7 40. exd6 cxd6 41. Rxc8 Rxc8 42. Rxc8 Kxc8 43. Bb6 Kd7 44. Kf2 Ke6 45. Ke3 Kf5 46. Bc7 Ke5 47. Kd3 Kd5 48. Bb8 Ke5 49. Ba7 Kf5 50. Be3 Ke5 51. Bf4+ Kd5 52. Kc3 Ke6 53. Kd4 1-0


[Site "https://www.chess.com"]

[Event "Titled Tuesday Blitz October 26 2021"]
[White "Tanenbaum, Zachary"]
[Black "Timofeev, Artyom"]
[WhiteFideId "2060850"]
[BlackFideId "4140419"]
[WhiteElo "2165"]
[BlackElo "2591"]
[Result "0-1"]
[Round "06"]
[TimeControl "180+1"]
[Date "2021.10.26"]
[WhiteClock "0:00:01"]
[BlackClock "0:00:46"]

1. e4 d6 2. d4 Nf6 3. Nc3 g6 4. Bg5 Bg7 5. Qd2 h6 6. Bh4 g5 7. Bg3 Nh5 8. O-O-O e6 9. Nf3 Nd7 10. d5 Nxg3 11. hxg3 Qe7 12. Nd4 Nb6 13. f4 Bd7 14. Bb5 O-O-O 15. Bxd7+ Qxd7 16. dxe6 fxe6 17. f5 Bxd4 18. fxe6 Qxe6 19. Qxd4 Qe5 20. Qxe5 dxe5 21. Rxd8+ Kxd8 22. Rd1+ Ke7 23. Nb5 Na8 24. Nxa7 c6 25. Rd3 Rb8 26. c4 Nc7 27. b4 Ra8 28. Ra3 Na6 29. b5 Rxa7 30. bxa6 Rxa6 31. Rxa6 bxa6 32. c5 h5 33. Kd2 Kf6 34. Kd3 g4 35. Ke3 Kg5 36. Kf2 a5 37. a4 h4 38. Ke2 h3 39. gxh3 gxh3 40. Kf3 Kh5 0-1


[Site "https://www.chess.com"]

[Event "Titled Tuesday Blitz October 26 2021"]
[White "Trost, Edvin"]
[Black "Hakobyan, Aram"]
[WhiteFideId "1729519"]
[BlackFideId "13306677"]
[WhiteElo "2026"]
[BlackElo "2557"]
[Result "0-1"]
[Round "06"]
[TimeControl "180+1"]
[Date "2021.10.26"]
[WhiteClock "0:00:01"]
[BlackClock "0:01:07"]

1. Nf3 d5 2. e3 c6 3. c4 Nf6 4. Nc3 e6 5. b3 Nbd7 6. Bb2 Bd6 7. Rc1 O-O 8. Be2 a6 9. Rg1 e5 10. g4 e4 11. Nd4 Ne5 12. g5 Nfd7 13. cxd5 Nc5 14. Rb1 Ncd3+ 15. Bxd3 Nxd3+ 16. Ke2 c5 17. Nc2 Bf5 18. Ne1 Ne5 19. Qc2 Nf3 20. Rg2 Re8 21. Kd1 Bh3 22. Rg3 Bxg3 23. hxg3 Qxg5 24. Nxf3 Bg4 25. Kc1 Bxf3 26. Ba1 b5 27. b4 c4 28. a4 Rab8 29. axb5 axb5 30. Kb2 Qf6 31. Rc1 Ra8 32. Kb1 Ra6 33. Bb2 Rea8 34. Re1 h5 35. Kc1 Qd6 0-1


[Site "https://www.chess.com"]

[Event "Titled Tuesday Blitz October 26 2021"]
[White "Vlachos, Anatole"]
[Black "Ozen, Bahadir"]
[WhiteFideId "26093189"]
[BlackFideId "6337058"]
[WhiteElo "2350"]
[BlackElo "2503"]
[Result "1-0"]
[Round "06"]
[TimeControl "180+1"]
[Date "2021.10.26"]
[WhiteClock "0:00:18"]
[BlackClock "0:00:19"]

1. e4 c6 2. d4 d5 3. Nc3 dxe4 4. Nxe4 Bf5 5. Ng3 Bg6 6. h4 h6 7. h5 Bh7 8. Nf3 Nd7 9. Bd3 Bxd3 10. Qxd3 e6 11. Bd2 Ngf6 12. O-O-O Be7 13. Ne4 Nxe4 14. Qxe4 Nf6 15. Qe2 Qd5 16. c4 Qe4 17. Be3 O-O 18. Ne5 Rac8 19. f3 Qh7 20. Qc2 Qxc2+ 21. Kxc2 Rfd8 22. b3 Nd7 23. Nd3 Bf6 24. g4 a6 25. f4 Nf8 26. Nc5 Rc7 27. g5 Be7 28. Ne4 Rcd7 29. Rhg1 Kh8 30. Rd2 Nh7 31. Rdg2 f5 32. Nc5 Bxc5 33. dxc5 hxg5 34. fxg5 e5 35. Bd2 Kg8 36. Bc3 Re7 37. Re1 Rde8 38. g6 Nf6 39. Rg5 f4 40. Rgxe5 Rxe5 41. Rxe5 Rxe5 42. Bxe5 f3 43. Kd3 f2 44. Ke2 Nxh5 45. Kxf2 Nf6 46. Kf3 Kf8 47. Bxf6 gxf6 48. Kf4 a5 49. Kf5 Kg7 50. a3 1-0


[Site "https://www.chess.com"]

[Event "Titled Tuesday Blitz October 26 2021"]
[White "Yeletsky, Ivan"]
[Black "Djordjevic, Vuk"]
[WhiteFideId "24180327"]
[BlackFideId "902098"]
[WhiteElo "2352"]
[BlackElo "2463"]
[Result "0-1"]
[Round "06"]
[TimeControl "180+1"]
[Date "2021.10.26"]
[WhiteClock "0:00:02"]
[BlackClock "0:00:07"]

1. c4 e5 2. Nc3 Nc6 3. Nf3 g6 4. d4 exd4 5. Nd5 Bg7 6. Bg5 Nce7 7. Nxd4 c6 8. Nc3 h6 9. Bf4 d5 10. e3 Nf6 11. Be5 O-O 12. Be2 Qa5 13. Nb3 Qd8 14. O-O Re8 15. Rc1 dxc4 16. Qxd8 Rxd8 17. Bxc4 Nf5 18. Rfd1 Re8 19. Bf4 g5 20. Bc7 Be6 21. Bxe6 Rxe6 22. Nc5 Re7 23. Rd8+ Rxd8 24. Bxd8 Re8 25. Nxb7 Ng4 26. b3 Nd6 27. Nxd6 Rxd8 28. Nce4 Be5 29. h3 Nxe3 30. Nxf7 Kxf7 31. fxe3 Re8 32. Kf2 Bb8 33. Kf3 Re6 34. Rc4 Kg6 35. g4 h5 36. Rb4 hxg4+ 37. hxg4 Bc7 38. Rb7 Bb6 39. Rd7 Re5 40. Rd6+ Kg7 41. Rxc6 Rd5 42. Ke2 Re5 43. Rc4 Ra5 44. a4 Re5 45. b4 a5 46. b5 Kf7 47. Kd3 Ke7 48. Rc6 Rd5+ 49. Ke2 Bd8 50. Ng3 Re5 51. Nf5+ Kd7 52. Kf3 Rd5 53. Ke2 Re5 54. Rc1 Re4 55. Rd1+ Kc7 56. Rd4 Re5 57. Kd3 Bf6 58. Rc4+ Kd7 59. e4 Bd8 60. Rc6 Bc7 61. Ne3 Re8 62. Nd5 Bd8 63. Rg6 Rf8 64. Kd4 Rf1 65. Rg7+ Ke6 66. Rg8 Rd1+ 67. Ke3 Kd7 68. Rg7+ Ke6 69. Ke2 Ra1 70. Nc3 Bf6 71. Rg6 Kf7 72. Rxf6+ Kxf6 73. Kd3 Ke5 74. Kc4 Rc1 75. b6 Kd6 76. Kd4 Kc6 77. Nd5 Rd1+ 78. Ke5 Ra1 79. Kf5 Rxa4 80. Kxg5 Rxe4 81. Nf6 Re5+ 82. Kf4 Re1 83. g5 Rf1+ 84. Ke5 Rg1 85. g6 Rxg6 86. Ne4 Rg1 87. Kd4 Rd1+ 88. Kc3 Rc1+ 89. Kb2 Rc4 90. Nd2 Rb4+ 91. Ka3 Kxb6 92. Nb3 Rh4 93. Nd2 Kb5 94. Nb1 Rh3+ 95. Ka2 Kb4 96. Kb2 Rh2+ 97. Ka1 Kb3 0-1


[Site "https://www.chess.com"]

[Event "Titled Tuesday Blitz October 26 2021"]
[White "Zarubitski, Viachaslau"]
[Black "Haitin, Ilja"]
[WhiteFideId "13509373"]
[BlackFideId "4501764"]
[WhiteElo "2315"]
[BlackElo "2206"]
[Result "1/2-1/2"]
[Round "06"]
[TimeControl "180+1"]
[Date "2021.10.26"]
[WhiteClock "0:00:05"]
[BlackClock "0:00:03"]

1. Nf3 c5 2. g3 Nc6 3. Bg2 g6 4. O-O Bg7 5. e4 d6 6. d3 Nf6 7. Re1 O-O 8. Nc3 Rb8 9. a4 a6 10. Bf4 b5 11. axb5 axb5 12. e5 Nh5 13. exd6 Nxf4 14. dxe7 Nxe7 15. gxf4 Nf5 16. Ne4 c4 17. dxc4 Qxd1 18. Raxd1 bxc4 19. Ne5 Rxb2 20. c3 Be6 21. Nc5 Nh4 22. Rd4 g5 23. Nxc4 Bxd4 24. Nxb2 Bxc5 25. fxg5 Nxg2 26. Kxg2 Rb8 27. Nd3 Be7 28. h4 Rc8 29. Nf4 Rxc3 30. Nxe6 fxe6 31. Rxe6 Kf7 32. Rh6 Kg7 33. Re6 Bc5 34. Rc6 Rc2 35. Kh3 Rc3+ 36. Kg4 Bd4 37. Rxc3 Bxc3 38. f4 Bd2 39. Kf5 Bc3 40. Ke6 Be1 41. h5 Bd2 42. Ke5 Bc1 43. Kf5 Bd2 44. Kg4 Bc1 45. f5 h6 46. f6+ Kf7 47. gxh6 Kxf6 48. h7 Kg7 49. h6+ Kxh7 50. Kh3 Bxh6 1/2-1/2


[Site "https://www.chess.com"]

[Event "Titled Tuesday Blitz October 26 2021"]
[White "Zierk, Steven"]
[Black "Aradhya, Garg"]
[WhiteFideId "2034255"]
[BlackFideId "25006746"]
[WhiteElo "2494"]
[BlackElo "2146"]
[Result "1-0"]
[Round "06"]
[TimeControl "180+1"]
[Date "2021.10.26"]
[WhiteClock "0:00:06"]
[BlackClock "0:00:05"]

1. e4 e5 2. Nf3 Nc6 3. Bc4 Nf6 4. Ng5 d5 5. exd5 Na5 6. Bb5+ Bd7 7. Qe2 Be7 8. Nc3 Bxb5 9. Qxb5+ c6 10. dxc6 Nxc6 11. Qxb7 Nd4 12. O-O O-O 13. Nf3 Rb8 14. Qxa7 Nxf3+ 15. gxf3 Rb4 16. d3 Rh4 17. Ne4 Nd5 18. c4 Nb4 19. Be3 f5 20. Ng3 f4 21. Bb6 Qe8 22. Bc5 Nc6 23. Qb6 fxg3 24. fxg3 Bxc5+ 25. Qxc5 Rd4 26. Rad1 Rd8 27. Qe3 Nd4 28. b4 Qc6 29. Qe4 Qb6 30. Kg2 Qxb4 31. Qxe5 Rfe8 32. Qf4 Re2+ 33. Rf2 Qb2 34. Rd2 Rxd2 35. Rxd2 Qc3 36. a4 Ra8 37. Ra2 h6 38. Qe4 Rxa4 39. Rxa4 Qc2+ 40. Kh3 Ne2 41. Ra8+ Kf7 42. Qf5+ Ke7 43. Ra7+ Kd6 44. Qd5# 1-0


[Site "https://www.chess.com"]

[Event "Titled Tuesday Blitz October 26 2021"]
[White "atbenina64"]
[Black "Begmuratov, Khumoyun"]
[BlackFideId "14210207"]
[WhiteElo "2595"]
[BlackElo "1948"]
[Result "0-1"]
[Round "06"]
[TimeControl "180+1"]
[Date "2021.10.26"]
[WhiteClock "0:00:40"]
[BlackClock "0:00:19"]

1. e4 e5 2. Nf3 Nc6 3. Nc3 Nf6 4. d4 exd4 5. Nxd4 d6 6. Be3 g6 7. f3 Bg7 8. Qd2 O-O 9. O-O-O Re8 10. h4 Ne5 11. h5 Nxh5 12. g4 Ng3 13. Rh3 Nxf1 14. Rxf1 Nc4 15. Qd3 Nxe3 16. Qxe3 d5 17. Rd1 c5 18. Nb3 d4 19. Qf2 Qg5+ 20. f4 Qxg4 21. Rg3 Qe6 22. Nd5 Qc6 23. Qf3 Be6 24. Nd2 Rad8 25. c4 dxc3 26. Nxc3 b5 27. e5 Qxf3 28. Nxf3 Rxd1+ 29. Kxd1 b4 30. Ne4 Rd8+ 31. Kc1 Bxa2 32. Nfd2 Bd5 33. Nd6 Bf8 34. N2e4 Bxe4 35. Nxe4 Rd4 36. Nf6+ Kh8 37. f5 Bg7 38. fxg6 fxg6 39. Ng4 h5 40. Nf2 Bxe5 41. Rxg6 h4 42. Kc2 c4 43. Rg5 Bf4 44. Rh5+ Kg7 45. Nh3 Rd2+ 46. Kc1 Be3 47. Re5 Rd3+ 48. Kb1 b3 0-1


[Site "https://www.chess.com"]